Map: Persephone LE

Players

Lambo - Winner!

  • Race: Zerg Zerg
  • Spawn Location: 11:00

ByuN

  • Race: Terran Terran
  • Spawn Location: 7:00

Event: Esports World Cup 2025

VOD

Have the link to the VOD?

Description

Time

  • Played on: July 22, 2025, 7:01 a.m.
  • Length: 16:47

All games in this series

Show
View Real Time Build Order
Export as new Build Order

Lambo Zerg - Winner!

Build Orders: Hatch First 

Get SALT Encoding   

  12  0:00  Drone  
  13  0:08  Drone  
  14  0:14  Extractor  
  14  0:15  Drone  
  15  0:23  Overlord  
  15  0:41  Drone  
  16  0:45  Hatchery  
  16  0:49  Drone  
  16  0:52  Drone  
  18  0:57  Drone  
  18  1:06  Extractor  
  17  1:11  Spawning Pool  
  17  1:14  Drone  
  17  1:18  Drone  
  18  1:26  Drone  
  19  1:37  Drone  
  20  1:47  Drone  
  21  1:58  Queen x2  
  21  1:59  Zergling x4  
  27  2:08  Zergling x2  
  28  2:09  Overlord  
  28  2:11  Metabolic Boost  
  28  2:29  Drone x2  
  30  2:33  Drone x2  
  30  2:36  Queen  
  32  2:42  Overlord  
  34  2:44  Drone  
  35  2:52  Drone  
  35  2:56  Evolution Chamber  
  35  2:58  Evolution Chamber  
  35  2:59  Drone  
  35  3:03  Overlord  
  37  3:07  Zergling x8  
  37  3:08  Drone x3  
  44  3:17  Overlord  
  44  3:27  Drone x2  
  44  3:28  Drone  
  44  3:29  Queen  
  49  3:38  Hatchery  
  49  3:40  Drone x4  
  52  3:44  Overlord  
  52  3:46  Drone x2  
  54  3:53  Drone x2  
  56  4:01  Overlord  
  56  4:02  Extractor, Queen  
  57  4:05  Drone  
  59  4:10  Drone, Queen  
  59  4:13  Drone  
  59  4:14  Drone, Evolution Chamber  
  59  4:16  Drone  
  63  4:17  Drone  
  63  4:23  Drone  
  65  4:25  Drone x4  
  71  4:38  Drone x3  
  71  4:40  Zerg Ground Armor Level 1  
  71  4:44  Drone x2  
  74  4:45  Drone  
  74  4:50  Queen  
  74  4:52  Spore Crawler  
  76  4:53  Drone x5  
  76  4:56  Extractor  
  76  4:57  Lair  
  80  5:00  Drone x2  
  80  5:03  Extractor  
  80  5:06  Drone  
  82  5:07  Baneling Nest  
  82  5:09  Spore Crawler  
  82  5:10  Evolution Chamber, Spore Crawler  
  78  5:18  Hatchery  
  77  5:22  Drone x5  
  77  5:26  Overlord  
  77  5:27  Overlord  
  82  5:34  Overlord  
  82  5:39  Overlord  
  82  5:41  Overlord  
  82  5:43  Zerg Melee Weapons Level 1, Overlord  
  82  5:45  Zergling x10  
  82  5:49  Zergling x4  
  89  5:53  Zergling x6  
  89  5:56  Centrifugal Hooks  
  92  5:58  Overseer  
  92  5:59  Zergling x10  
  92  6:02  Zergling x2  
  97  6:05  Zergling x6  
  97  6:06  Baneling x6  
  97  6:07  Baneling  
  97  6:08  Zergling x2  
  101  6:13  Zergling x4  
  101  6:17  Zergling x4  
  101  6:22  Zergling x6  
  101  6:25  Zergling x8  
  89  6:35  Zerg Ground Armor Level 2  
  89  6:37  Drone x4  
  89  6:39  Drone  
  92  6:45  Zergling x4  
  94  6:48  Drone x4  
  94  6:50  Drone  
  94  6:51  Hatchery  
  94  6:54  Zergling x8, Baneling x2  
  102  6:57  Queen  
  102  6:58  Zergling x2  
  112  7:08  Zergling x14  
  112  7:09  Baneling x3  
  112  7:10  Baneling x2  
  112  7:15  Zergling x10  
  116  7:19  Zergling x2  
  116  7:20  Zergling x6  
  119  7:24  Drone  
  119  7:27  Drone  
  121  7:31  Infestation Pit  
  121  7:32  Zergling x4  
  121  7:33  Drone x4  
  121  7:36  Hatchery  
  125  7:37  Queen  
  125  7:38  Overlord  
  125  7:39  Zergling x2  
  125  7:40  Overlord  
  125  7:41  Overlord  
  125  7:42  Overlord  
  125  7:43  Zerg Melee Weapons Level 2  
  125  7:44  Overlord  
  127  7:45  Overseer, Baneling x2  
  127  7:47  Overlord  
  127  7:48  Overlord  
  127  7:49  Overlord  
  127  7:50  Overlord  
  127  7:51  Overlord  
  128  7:53  Overlord  
  128  7:55  Overlord  
  128  7:57  Overlord  
  128  7:58  Zergling x6  
  121  8:06  Zergling x10  
  121  8:10  Zergling x4  
  116  8:14  Hive  
  116  8:15  Zergling x16  
  124  8:22  Zergling x6  
  124  8:23  Zergling x2, Hatchery  
  124  8:24  Baneling x3  
  124  8:30  Zergling x12  
  124  8:33  Baneling x5  
  128  8:36  Zergling x2  
  128  8:37  Zergling x8  
  132  8:42  Zergling x8  
  132  8:48  Baneling x2  
  135  8:49  Zergling x18  
  135  8:51  Baneling x4  
  135  8:53  Overlord  
  144  8:57  Zergling x8  
  142  9:03  Zergling x8  
  142  9:06  Baneling  
  142  9:07  Baneling x5  
  146  9:10  Zergling x6  
  146  9:15  Zergling x16  
  146  9:16  Queen  
  157  9:22  Zergling x6  
  154  9:28  Zergling x4  
  144  9:33  Zergling x8  
  144  9:37  Zergling x2  
  144  9:40  Baneling x4  
  144  9:41  Zerg Ground Armor Level 3  
  144  9:44  Viper x2  
  142  9:45  Zergling x16  
  142  9:47  Queen  
  142  9:49  Zergling x2, Extractor  
  142  9:50  Zergling x4  
  142  9:52  Adrenal Glands  
  153  9:54  Zergling x4  
  153  9:56  Zergling x4  
  156  10:00  Zergling x2  
  156  10:01  Overseer, Baneling x5  
  156  10:06  Zergling x6  
  160  10:07  Ultralisk Cavern  
  160  10:11  Zergling x10  
  160  10:14  Spore Crawler  
  163  10:18  Zergling x10  
  167  10:23  Zergling x8  
  167  10:27  Hatchery  
  162  10:32  Zergling x6  
  162  10:33  Baneling x7  
  165  10:40  Zergling x18  
  165  10:42  Baneling x9  
  174  10:46  Zergling x6  
  174  10:49  Overseer, Baneling  
  177  10:51  Zergling x4  
  177  10:56  Zergling x6  
  179  10:58  Chitinous Plating  
  179  11:03  Zergling x12  
  185  11:05  Pneumatized Carapace  
  185  11:07  Extractor  
  185  11:09  Zergling x2  
  185  11:10  Zergling x12  
  185  11:19  Zergling x10  
  166  11:26  Zergling x6  
  160  11:37  Ultralisk x2  
  160  11:39  Drone x8  
  171  11:44  Zergling x4  
  171  11:45  Baneling x5  
  172  11:47  Zergling x2  
  165  11:57  Zergling x12  
  165  12:02  Drone x3  
  165  12:05  Zergling x4  
  168  12:13  Zergling x10  
  150  12:20  Ultralisk, Infestor  
  153  12:22  Baneling  
  153  12:23  Baneling x5  
  153  12:25  Zergling x8, Queen x2  
  161  12:31  Zergling x10  
  161  12:33  Zergling x6  
  169  12:39  Spore Crawler  
  169  12:40  Zergling x6  
  169  12:44  Baneling x9  
  171  12:45  Ultralisk  
  171  12:48  Zergling x8  
  181  12:56  Zerg Melee Weapons Level 3, Extractor  
  180  12:59  Zergling x12  
  168  13:21  Ultralisk x2  
  168  13:22  Zergling x2  
  168  13:23  Zergling x20  
  168  13:24  Baneling x3  
  191  13:33  Zergling x18  
  187  13:49  Zergling x22  
  187  13:53  Zergling x2  
  176  13:56  Infestor x2  
  165  14:05  Zergling x8  
  161  14:11  Zergling x2  
  161  14:12  Zergling x8  
  159  14:20  Zergling x8, Ultralisk  
  163  14:24  Overseer  
  163  14:25  Zergling x4  
  163  14:27  Queen x4  
  163  14:31  Zergling x8  
  177  14:34  Zergling x2, Hatchery  
  177  14:36  Zergling x2, Baneling x11  
  178  14:41  Spore Crawler  
  178  14:42  Zergling x8  
  163  14:46  Zergling x4  
  151  14:53  Zergling x12, Ultralisk  
  151  14:58  Anabolic Synthesis  
  151  14:59  Infestor x2  
  164  15:05  Zergling x14  
  154  15:08  Infestor  
  154  15:12  Spore Crawler  
  154  15:15  Zergling x2  
  154  15:16  Zergling x8  
  154  15:19  Zergling x2  
  150  15:23  Ultralisk  
  150  15:26  Zergling x8  
  160  15:33  Drone x2  
  162  15:40  Zergling x10  
  167  15:44  Zergling x2  
  167  15:45  Zergling x2  
  169  15:53  Drone x4  
  169  15:56  Infestor  
  171  15:57  Zergling x10  
  171  16:01  Baneling x6  
  171  16:02  Zergling x10  
  171  16:03  Baneling x7  
  180  16:04  Overseer  
  180  16:12  Hatchery  
  180  16:15  Zergling x10, Baneling  
  183  16:22  Zergling x12  
  181  16:28  Zergling x14  
Show
View Real Time Build Order
Export as new Build Order

ByuN Terran 

Build Orders:  

Get SALT Encoding   

  12  0:00  SCV  
  13  0:12  SCV  
  14  0:17  Supply Depot  
  14  0:24  SCV  
  15  0:39  SCV  
  15  0:40  Barracks  
  16  0:44  Refinery  
  16  0:51  SCV  
  17  0:58  Barracks  
  17  1:04  SCV  
  18  1:17  SCV  
  19  1:27  Reaper  
  19  1:29  Orbital Command  
  20  1:34  Supply Depot  
  20  1:45  Reaper  
  21  1:54  SCV  
  22  2:04  Reaper  
  22  2:06  SCV  
  24  2:11  Command Center  
  24  2:18  SCV  
  24  2:20  Refinery  
  25  2:30  SCV  
  26  2:41  Factory  
  26  2:47  SCV  
  27  2:53  Barracks Reactor  
  27  3:02  Barracks Reactor  
  27  3:05  Barracks Tech Lab, SCV  
  28  3:06  Command Center  
  28  3:17  SCV  
  29  3:23  Orbital Command  
  29  3:24  Marine  
  29  3:26  Starport  
  30  3:29  SCV  
  30  3:31  Marine  
  30  3:33  Marine  
  33  3:37  Stimpack  
  33  3:40  Factory Tech Lab  
  33  3:43  SCV  
  33  3:45  Marine  
  35  3:49  Marine  
  35  3:51  Marine  
  35  3:52  SCV  
  35  3:55  SCV  
  39  4:03  Marine  
  39  4:07  Marine, SCV  
  39  4:08  Marine  
  43  4:10  Factory Reactor, Banshee  
  46  4:19  Orbital Command  
  46  4:21  SCV x2  
  46  4:22  Refinery  
  46  4:23  Marine  
  49  4:25  Marine  
  49  4:30  Supply Depot  
  50  4:33  SCV x2  
  50  4:37  Marine  
  53  4:40  Marine  
  53  4:42  Marine  
  53  4:45  SCV x2  
  57  4:46  SCV  
  57  4:49  Engineering Bay  
  57  4:52  Engineering Bay  
  58  4:54  Supply Depot  
  58  4:57  SCV x2  
  58  4:58  SCV  
  61  5:00  Marine  
  61  5:01  Marine x2  
  64  5:07  Medivac  
  64  5:09  Medivac  
  64  5:12  SCV  
  69  5:15  SCV  
  69  5:16  SCV  
  69  5:18  Supply Depot, Marine  
  72  5:22  Terran Infantry Armor Level 1  
  72  5:23  Terran Infantry Weapons Level 1  
  72  5:25  Combat Shield  
  72  5:29  Orbital Command, Marine  
  72  5:30  Marine  
  72  5:32  SCV  
  75  5:37  Supply Depot  
  75  5:40  Refinery, Siege Tank  
  78  5:43  SCV  
  78  5:44  SCV  
  78  5:48  Barracks, Marine x2  
  78  5:49  Marine  
  83  5:54  Starport Reactor  
  83  5:55  SCV x2  
  85  5:59  SCV  
  85  6:02  Supply Depot  
  86  6:06  Marine x3  
  86  6:07  SCV x2  
  91  6:11  Barracks, SCV  
  91  6:14  Barracks  
  91  6:19  SCV  
  91  6:24  Marine  
  90  6:27  Marine x2  
  90  6:28  Siege Tank  
  89  6:34  Medivac x2  
  89  6:37  Marine x2  
  91  6:40  SCV x2  
  91  6:41  SCV  
  91  6:44  Armory  
  94  6:49  Marine  
  94  6:50  Supply Depot, Marine x2  
  94  6:53  SCV x2  
  99  6:55  Marine  
  99  6:59  Marine  
  99  7:00  Supply Depot  
  101  7:01  Barracks Reactor  
  101  7:05  Barracks Reactor  
  101  7:11  Siege Tank, SCV x3  
  101  7:14  Marine  
  101  7:15  Marine x2  
  108  7:22  Marine x2, Factory  
  110  7:23  Supply Depot  
  110  7:26  Supply Depot  
  110  7:28  Medivac x2  
  110  7:29  SCV x2  
  116  7:32  Terran Infantry Armor Level 2, Marine  
  116  7:34  Marine x2  
  119  7:39  Marine x2  
  121  7:51  Marine x7  
  122  7:55  Siege Tank  
  122  7:57  Marine x2  
  133  7:59  Command Center  
  133  8:02  Refinery  
  126  8:07  SCV  
  126  8:08  SCV  
  126  8:10  SCV  
  126  8:11  Marine  
  126  8:12  Marine x2  
  125  8:14  Marine x4  
  125  8:15  Factory Reactor  
  125  8:16  Marine  
  131  8:20  SCV  
  131  8:21  Terran Infantry Weapons Level 2  
  131  8:24  SCV  
  131  8:25  Barracks x2  
  131  8:26  Barracks  
  130  8:31  Marine x4  
  130  8:32  Marine x3  
  137  8:36  SCV x3  
  137  8:41  Supply Depot  
  140  8:45  Supply Depot  
  140  8:47  Marine x2  
  134  8:50  Marine x5  
  134  8:51  Marine  
  140  9:00  Command Center  
  139  9:05  Widow Mine x2  
  139  9:06  Marine x3  
  139  9:07  Marine  
  139  9:08  Marine x2  
  139  9:09  Medivac x2  
  153  9:12  Marine x2  
  153  9:13  Marine  
  153  9:15  Barracks Tech Lab  
  153  9:16  Barracks Tech Lab x2  
  154  9:30  Marine x3  
  151  9:36  Marauder x4  
  151  9:37  Marine  
  147  9:43  Medivac x2  
  147  9:45  Marine x2  
  143  9:50  Terran Infantry Armor Level 3, SCV x2  
  143  9:51  SCV  
  144  9:54  Marine x3  
  144  9:55  Marine  
  144  9:57  Marauder, Widow Mine  
  144  9:58  Marauder x2, Widow Mine  
  157  10:02  Marauder  
  157  10:03  Concussive Shells, SCV x2, Widow Mine  
  157  10:06  Drilling Claws  
  163  10:11  Marine  
  163  10:12  Marine  
  165  10:17  Marine x2  
  165  10:19  Marauder x2, Widow Mine x2  
  174  10:25  Marine x2, Widow Mine  
  174  10:27  Marauder x2  
  180  10:34  Supply Depot x2  
  180  10:35  Marine x2  
  182  10:36  Medivac  
  182  10:40  Marauder, Widow Mine  
  188  10:48  Terran Infantry Weapons Level 3  
  188  10:54  Marauder x2, Marine x2, Planetary Fortress  
  188  10:55  Marine, SCV  
  188  10:56  Marauder, Widow Mine  
  193  11:05  Marauder  
  193  11:09  Marine  
  193  11:10  Marine  
  194  11:11  Marine x3  
  194  11:12  Marine x2  
  194  11:14  Marine  
  200  11:22  Marine x2  
  164  11:28  Marauder x2, SCV  
  164  11:29  SCV x2  
  164  11:30  Marine  
  164  11:31  Marine  
  164  11:32  Marine x2  
  160  11:35  Marine x2  
  141  11:41  Marauder x2, Marine x2, SCV x3  
  146  11:48  Marine, Widow Mine  
  146  11:49  Marauder  
  146  11:51  Marine  
  146  11:53  SCV x3  
  157  12:00  Marine x2  
  154  12:02  Marine x4  
  154  12:05  SCV x3  
  161  12:13  Marauder x2, Marine x4  
  142  12:17  SCV x2, Widow Mine x2  
  142  12:18  Marine x2  
  142  12:20  Marine x4, Medivac  
  148  12:31  Marauder x2, Marine x2  
  148  12:32  Medivac  
  148  12:34  Marine x2  
  158  12:39  Marine x2  
  160  12:46  Widow Mine x3  
  160  12:47  SCV x2  
  160  12:48  Supply Depot  
  160  12:50  Marine, Medivac  
  160  12:51  Marine x3  
  171  12:52  Marauder x2  
  171  12:57  Marine  
  179  13:05  Medivac  
  179  13:10  Marauder  
  179  13:12  Marauder, Marine x2  
  169  13:13  Widow Mine x2  
  169  13:14  Marauder  
  169  13:16  Marauder  
  169  13:17  Marine x2  
  169  13:19  Widow Mine  
  181  13:20  Medivac  
  183  13:31  Marauder  
  185  13:35  Marauder, Marine  
  188  13:45  Marine x2  
  188  13:46  Marauder  
  188  13:47  Marauder, Widow Mine  
  188  13:49  Command Center  
  188  13:50  Command Center  
  172  13:55  Medivac  
  172  13:56  Marauder  
  172  14:02  Liberator  
  172  14:05  Marauder, Widow Mine  
  172  14:07  Widow Mine  
  172  14:08  Marine x2  
  172  14:09  Marauder  
  172  14:10  Marauder  
  172  14:12  Widow Mine  
  172  14:13  Marine  
  170  14:17  Marauder, Marine  
  173  14:29  Marine x3, Liberator  
  173  14:30  Widow Mine  
  181  14:42  Marauder  
  181  14:45  Medivac  
  145  14:47  Marauder x2  
  145  14:49  Marauder  
  123  14:55  Marine  
  123  14:56  Marine  
  120  15:00  Widow Mine  
  120  15:03  Marauder  
  120  15:04  Marine  
  120  15:07  Marine  
  120  15:08  Marauder, Marine  
  120  15:09  Marauder  
  120  15:11  Marine  
  120  15:12  Medivac  
  129  15:15  Medivac  
  129  15:20  Marine  
  122  15:23  Marauder  
  124  15:29  Marine x2  
  124  15:34  Orbital Command  
  119  15:42  Medivac  
  117  15:46  Marine x2  
  117  15:49  Marine  
  117  15:50  Marine  
  117  15:52  Marine  
  117  15:59  Marine x2  
  117  16:03  Medivac  
  118  16:04  Marauder  
  118  16:05  Marauder x3, Marine x3  
  118  16:07  Marine  
  118  16:08  Marine  
  118  16:10  Marine  
  132  16:12  Medivac  
  132  16:17  Marine  
  126  16:28  Marine x2  
Tags
 
Add a new tag
Caveats
  • Supply blocks, unpowered buildings, or Contaminate may cause inaccurate times.
  • Supply counts are checked every 10 seconds.